AoeStats
← TLD Dalkiel

Arena

509821070Analyzed
2v2 RM · 5d ago on Sep 28, 2026· 43m 2s· 4 players
Game mode
Random Map
Map size
Medium (4 player)
Population
200
Speed
Normal
Resources
Standard
Victory
Conquest
Starting age
Dark Age
Ending age
Imperial Age
RankedLock teamsTeams togetherTeam positionsShared explorationLock speedFull tech treeHidden civsTurbo modeCheats
Victory
Defeat
🇲🇽 Danes · Mexico
1107
+10
🇲🇽 Saxons · Mexico
939
+17
🇺🇸 Bohemians · United States
989
-14
🇺🇸 Wei · United States
954
-13
sevbanan
11:50 Feudal Age
16:40 Castle Age
14:37 Horse Collar
14:44 Double-Bit Axe
19:32 Wheelbarrow
19:41 Loom
28:19 Fletching
34:52 Imperial Age
35:00 Forging
36:06 Heavy Plow
38:04 Conscription
38:09 Ballistics
38:53 Chemistry
38:27 Ballistics
38:25 Bow Saw
38:56 Hand Cart
38:29 Town Watch
40:51 Man-at-Arms
42:09 Iron Casting
41:34 Scale Mail Armor
43:00 Two-Man Saw
42:06 Murder Holes
42:52 Fervor
42:06 Long Swordsman
42:50 Squires
42:38 Two-Handed Swordsman
ehh dont shout
11:04 Feudal Age
16:13 Castle Age
19:04 Wheelbarrow
19:55 Double-Bit Axe
19:59 Horse Collar
26:20 Gold Mining
26:47 Bow Saw
26:39 Heavy Plow
30:42 Imperial Age
31:50 Loom
32:21 Hand Cart
31:51 Town Watch
34:59 Conscription
39:10 Crossbowman
39:55 Thumb Ring
El viejo7335
2:48 Loom
11:56 Feudal Age
17:56 Castle Age
15:58 Horse Collar
16:34 Double-Bit Axe
17:18 Gold Mining
18:50 Arson
19:07 Squires
18:54 Gambesons
19:49 Heavy Plow
22:02 Bow Saw
31:12 Stone Mining
32:17 Wheelbarrow
31:29 Town Watch
32:50 Gold Shaft Mining
35:53 Imperial Age
33:55 Scale Mail Armor
34:06 Forging
34:09 Husbandry
34:30 Clerical Recruitment
35:30 Hand Cart
35:16 Town Patrol
36:21 Elite Varangian Guard
37:19 Chain Mail Armor
36:33 Shield Wall
38:43 Bloodlines
37:55 Light Cavalry
39:31 Pikeman
40:35 Ballistics
39:58 Treadmill Crane
41:21 Chemistry
41:26 Scale Barding Armor
41:58 Iron Casting
41:54 Plate Mail Armor
TLD Dalkiel
8:33 Loom
10:57 Feudal Age
11:48 Horse Collar
15:59 Castle Age
14:13 Double-Bit Axe
14:30 Stone Mining
15:01 Gold Mining
16:33 Wheelbarrow
16:58 Bow Saw
19:51 Forging
19:43 Scale Mail Armor
21:52 Squires
21:38 Gambesons
25:57 Iron Casting
25:38 Chain Mail Armor
26:51 Heavy Plow
32:33 Imperial Age
30:50 Ballistics
30:42 Masonry
30:32 Town Watch
32:17 Hand Cart
31:25 Hamask
34:40 Conscription
34:11 Elite Varangian Guard
35:57 Onager
37:52 Plate Mail Armor
38:23 Blast Furnace
40:52 Elite Jomsviking
42:13 Gold Shaft Mining
Connection lost

Rejoining the realm…

Still unreachable

The connection could not be restored.

Session expired

The server has moved on; the page needs a fresh start.